 Dungeon Crawl Stone Soup version 0.29.1-12-g30fa7ad0bf (webtiles) character file.

Game seed: 5264028391281539881

2275 RapScallion the Cudgeller (level 9, 0/64 (78) HPs)
             Began as a Hill Orc Fighter on Jan 11, 2023.
             Was a Priest of Sif Muna.
             Slain by a wight
             ... wielding a +4 trident
              (8 damage)
             ... on level 8 of the Dungeon.
             The game lasted 00:46:48 (8743 turns).

RapScallion the Cudgeller (Hill Orc Fighter)        Turns: 8743, Time: 00:46:49

HP:   0/64 (78)     AC: 19    Str: 21    XL:     9   Next: 39%
MP:   9/9           EV:  6    Int: 10    God:    Sif Muna [***...]
Gold: 400           SH:  4    Dex:  6    Spells: 8/8 levels left

rFire   + + .      SeeInvis .   a - +7 whip of Nukor {vorpal, rF+ rC+ Dex-4}
rCold   + . .      Faith    .   c - +0 buckler
rNeg    . . .      Spirit   .   Q - +0 plate armour
rPois   .          Reflect  .   B - +0 helmet
rElec   .          Harm     .   u - +2 cloak
rCorr   .          Rampage  .   z - +0 pair of gloves
Will    .....                   (no boots)
Stlth   ..........              (no amulet)
HPRegen 0.20/turn               T - ring of protection from fire
MPRegen 0.11/turn               (no ring)

@: heavily drained
A: no striking features
a: Renounce Religion, Channel Magic, Forget Spell


You were on level 8 of the Dungeon.
You worshipped Sif Muna.
Sif Muna was most pleased with you.
You visited 2 branches of the dungeon, and saw 9 of its levels.

You collected 400 gold pieces.

Inventory:

Hand Weapons
 a - the +7 whip of Nukor (weapon) {vorpal, rF+ rC+ Dex-4}
   (You found it on level 6 of the Dungeon)

   It inflicts extra damage upon your enemies.
   Dex:       It affects your dexterity (-4).
   rF:        It protects you from fire.
   rC:        It protects you from cold.
 o - a +2 mace of venom
 L - a +1 spear of freezing
 S - a +4 spear
Missiles
 f - 77 stones
 g - 6 poisoned darts
 v - 6 silver javelins
 D - 2 curare-tipped darts
 K - 6 atropa-tipped darts
Armour
 b - a +0 scale mail
 c - a +0 buckler (worn)
 u - a +2 cloak (worn)
 z - a +0 pair of gloves (worn)
 B - a +0 helmet (worn)
 Q - a +0 plate armour (worn)
Jewellery
 A - an amulet of reflection
 H - an amulet of guardian spirit
 I - an amulet of regeneration
 T - a ring of protection from fire (left hand)
Wands
 t - a wand of flame (34) (quivered)
 x - a wand of iceblast (10)
 N - a wand of paralysis (8)
Scrolls
 d - a scroll of poison {unknown}
 e - 3 scrolls of amnesia {unknown}
 j - 6 scrolls of teleportation {unknown}
 l - 2 scrolls of vulnerability {unknown}
 n - 2 scrolls of acquirement {unknown}
 q - 5 scrolls of identify {unknown}
 s - a scroll of torment {unknown}
 w - a scroll of summoning {unknown}
 C - 6 scrolls of enchant armour {unknown}
 G - 2 scrolls of enchant weapon {unknown}
 M - 2 scrolls of fog {unknown}
 P - a scroll of silence {unknown}
 R - a scroll of noise {unknown}
Potions
 h - 2 potions of mutation {unknown}
 i - 5 potions of curing {unknown}
 k - 2 potions of attraction {unknown}
 m - a potion of cancellation {unknown}
 p - a potion of invisibility {unknown}
 r - 2 potions of resistance {unknown}
 E - 2 potions of brilliance {unknown}
 F - a potion of flight {unknown}
 J - a potion of ambrosia
 O - a potion of might


   Skills:
 + Level 6.4 Fighting
 + Level 4.1(7.0) Axes
 + Level 7.4(7.8) Maces & Flails
 + Level 7.4 Armour
 + Level 2.5 Dodging
 + Level 0.8 Stealth
 + Level 6.1 Shields
 + Level 1.4 Evocations


You had 8 spell levels left.
You didn't know any spells.
Your spell library contained the following spells:

 Spells                   Type           Power      Damage    Failure   Level
 Shock                    Conj/Air       0%         1d3       100%        1
 Sublimation of Blood     Necr           0%         N/A       100%        2
 Swiftness                Air            0%         N/A       100%        3
 Airstrike                Air            0%         2d(0-16)  100%        4
 Hailstorm                Conj/Ice       0%         3d3       100%        4
 Ice Form                 Ice/Tmut       0%         N/A       100%        4
 Petrify                  Tmut/Erth      0%         N/A       100%        4
 Irradiate                Conj/Tmut      0%         3d11      100%        5
 Simulacrum               Ice/Necr       0%         N/A       100%        6


Dungeon Overview and Level Annotations

Branches:
Dungeon (8/15)             Temple (1/1) D:4
   Lair: D:8-11

Altars:
Cheibriados
Dithmenos
Elyvilon
Fedhas
Gozag
Hepliaklqana
Kikubaaqudgha
Makhleb
Okawaru
Qazlal
Ru
Sif Muna
Trog
Uskayaw
Vehumet
Wu Jian
Xom
Yredelemnul
Zin
The Shining One

Shops:
D:4 :

Annotations:
D:5 Pikel
D:7 2 runed translucent doors
Temple 2 transporters


Message History

You barely miss the wight.
A wight comes into view. It is wielding a +0 flail.
The wight hits you from afar with a +4 trident.
You feel drained. The wight hits you but does no damage.
The wight hits you with a +5 great sword.
You hit the wight.
The wight is lightly damaged.
You closely miss the wight.
The wight is lightly damaged.
The wight hits you but does no damage. x2
The wight hits you with a +4 trident.
You feel drained. The wight attacks as you move away!
The wight hits you with a +4 trident!
You feel drained. The wight attacks as you move away!
The wight hits you but does no damage. x2
You barely miss the wight. You block the wight's attack.
You hit the wight.
The wight is lightly damaged.
The wight hits you but does no damage.
The wight hits you from afar with a +4 trident!
The wight barely misses you.
You barely miss the wight.
The wight is lightly damaged.
You barely miss the wight.
The wight is lightly damaged.
The wight hits you with a +5 great sword.
* * * LOW HITPOINT WARNING * * *
You feel drained.
* * * LOW HITPOINT WARNING * * *
The wight hits you but does no damage.
A wight comes into view. It is wielding a +2 mace.
The wight barely misses you.
As you read the scroll labelled YCVAYBAZUA, it crumbles to dust.
The creatures around you are filled with an inner flame!
It was a scroll of immolation.
The wight hits you with a +5 great sword!
* * * LOW HITPOINT WARNING * * *
You feel drained.
* * * LOW HITPOINT WARNING * * *
The wight hits you from afar with a +4 trident!
You die...

#.#.# #.#
#.#.##..
#.#.##.#####
#.#.##.....
#.#.##.....
#.#.#...####
#...........
###z#z..######
#@.zz.......
####....z..#
#.#####.# #.#
#.# #.. ###


You could see 5 wights.

Vanquished Creatures
  A cyclops (D:7)
  A water moccasin (D:6)
  An ice beast (D:6)
  2 orc warriors (D:7)
  A lemure (D:5)
  A centaur (D:7)
  2 phantoms
  A bullfrog (D:6)
  2 necrophages
  3 scorpions
  4 wights (D:8)
  5 hounds
  2 gnoll boudas
  A jelly (D:5)
  4 iguanas
  2 orc wizards
  16 gnolls
  7 adders
  3 white imps
  An ufetubus (D:5)
  3 worms
  2 dart slugs
  12 orcs
  8 ball pythons
  6 endoplasms
  2 giant cockroaches
  10 goblins
  10 hobgoblins
  3 jackals (D:1)
  6 kobolds
  8 quokkas
  5 bats
  4 frilled lizards
  6 rats
145 creatures vanquished.

Notes
Turn   | Place    | Note
-------+----------+-------------------------------------------
     0 | D:1      | RapScallion the Hill Orc Fighter began the quest for the
                  | Orb.
     0 | D:1      | Reached XP level 1. HP: 19/19 MP: 1/1
   103 | D:1      | Reached XP level 2. HP: 26/27 MP: 2/2
   440 | D:1      | Reached XP level 3. HP: 31/33 MP: 3/3
  1814 | D:2      | Reached XP level 4. HP: 40/41 MP: 4/4
  1837 | D:2      | Found a faded altar of an unknown god.
  2385 | D:2      | Prayed at the altar of an unknown god.
  2385 | D:2      | Became a worshipper of Sif Muna the Loreminder
  2385 | D:2      | Reached * piety under Sif Muna
  2891 | D:3      | Reached XP level 5. HP: 35/47 MP: 5/5
  3862 | D:4      | Reached skill level 1 in Maces & Flails
  3862 | D:4      | Reached XP level 6. HP: 53/53 MP: 6/6
  3897 | D:4      | Found Reki's Tremendous Tomes.
  3973 | D:4      | Found a staircase to the Ecumenical Temple.
  3990 | Temple   | Entered the Ecumenical Temple
  3990 | Temple   | Found a transporter.
  3990 | Temple   | Found a transporter.
  3992 | Temple   | Found a transporter.
  3992 | Temple   | Found a transporter.
  4292 | D:4      | Reached ** piety under Sif Muna
  4541 | D:4      | Reached skill level 5 in Armour
  4693 | D:4      | Reached skill level 5 in Fighting
  4693 | D:4      | Reached skill level 1 in Dodging
  4884 | D:5      | Entered Level 5 of the Dungeon
  4917 | D:5      | Reached XP level 7. HP: 38/61 MP: 7/7
  5049 | D:5      | Noticed Pikel
  5206 | D:5      | Found a white marble altar of Elyvilon.
  6209 | D:6      | Identified the +7 whip of Nukor {vorpal, rF+ rC+ Dex-4}
  6225 | D:6      | Found a sand-covered staircase.
  6554 | D:6      | Reached XP level 8. HP: 69/69 MP: 8/8
  6587 | D:6      | Reached skill level 5 in Maces & Flails
  6599 | D:6      | Reached skill level 5 in Shields
  6809 | D:6      | Reached *** piety under Sif Muna
  7635 | D:7      | Found a large runed translucent door.
  7635 | D:7      | Found a large runed translucent door.
  7640 | D:7      | Found a shimmering altar of Xom.
  7868 | D:7      | Noticed a cyclops
  7883 | D:7      | Killed a cyclops
  7884 | D:7      | Reached skill level 1 in Evocations
  7884 | D:7      | Reached XP level 9. HP: 54/75 MP: 9/9
  8743 | D:8      | Slain by a wight

Illustrated notes

Levels and vault maps discovered:
D:1:      shiori_shiawase, layout_basic, dreamdust_mushroom_princess,
          minmay_misc_feat_alley
D:2:      layout_basic, nicolae_ecumenical_oubliette, serial_glass,
          glass_columns_b, glass_columns_b, glass_columns_a, glass_columns_c,
          glass_columns_a, glass_columns_a
D:3:      layout_rooms, wad_floor_pattern_1, kennysheep_cross_room,
          kennysheep_decorative_pillar, kennysheep_crisscross,
          chequers_serial_rivers_large_b
D:4:      layout_loops_ring, minmay_temple_entry_arrows,
          nicolae_shop_i_like_big_books, solitary_fountain,
          nicolae_kite_square_tiling_tiny
D:5:      nicolae_cairo_tiling, layout_rooms, elyvilon_altar_5, uniq_pikel
D:6:      layout_basic, lightli_ossuary_entry_decrepit_ruins
D:7:      due_chaos_kobolds, layout_gridville, roderic_roman_lattice,
          nicolae_sextant
D:8:      layout_loops_ring
Temple:   hellmonk_temple_divided_pantheon

Skill      XL: |  1  2  3  4  5  6  7  8  9 |
---------------+----------------------------+-----
Axes           | 3 4 |  4.1
Fighting       | 4 5 6 |  6.4
Shields        | 4 5 6 |  6.1
Armour         | 4 5 6 7 |  7.4
Maces & Flails | 1 3 4 6 7 |  7.4
Dodging        | 1 2 |  2.5
Evocations     | 1 |  1.4
Stealth        | |  0.8

Action                   |  1- 3 |  4- 6 |  7- 9 || total
-------------------------+-------+-------+-------++-------
Melee: War axe           |   119 |    15 |       ||   134
       Mace              |       |   144 |    71 ||   215
       Whip              |       |       |   189 ||   189
Evoke: Wand              |       |       |    12 ||    12
  Use: Potion            |       |       |     2 ||     2
       Scroll            |       |       |     1 ||     1
Armor: Scale mail        |    63 |    65 |    84 ||   212
       Plate armour      |       |       |    13 ||    13
Dodge: Dodged            |    64 |    85 |   101 ||   250
Block: Buckler           |    24 |    46 |    76 ||   146
